 Dungeon Crawl Stone Soup version 0.29-a0-451-gfbfa42419e (webtiles) character file.

Game seed: 1880119930302915348

55 quokkamancerX the Cudgeller (level 3, -3/31 HPs)
             Began as a Minotaur Berserker on May 19, 2022.
             Was a Believer of Trog.
             Slain by a gnoll
             ... wielding a +3 flail
              (9 damage)
             ... on level 2 of the Dungeon on May 20, 2022.
             The game lasted 00:06:35 (1810 turns).

quokkamancerX the Cudgeller (Minotaur Berserker)    Turns: 1810, Time: 00:06:35

Health: -3/31      AC:  5    Str: 21    XL:     3   Next: 67%
Magic:  2/2        EV: 11    Int:  6    God:    Trog [**....]
Gold:   4          SH:  0    Dex: 15    Spells: 2/2 levels left

rFire   . . .      SeeInvis .   a - +0 mace
rCold   . . .      Faith    +   (no shield)
rNeg    . . .      Spirit   .   j - +0 ring mail
rPois   .          Reflect  .   (helmet restricted)
rElec   .          Harm     .   (no cloak)
rCorr   .          Rampage  .   (no gloves)
Will    .....                   (no boots)
Stlth   +.........              c - amulet of faith
HPRegen 0.10/turn               f - +6 ring of dexterity
MPRegen 0.08/turn               (no ring)

@: on berserk cooldown, slowed, very slow
A: horns 2, retaliatory headbutt
a: Renounce Religion, Berserk, Trog's Hand


You were on level 2 of the Dungeon.
You worshipped Trog.
Trog was pleased with you.
You visited 1 branch of the dungeon, and saw 2 of its levels.

You collected 4 gold pieces.

Inventory:

Hand Weapons
 a - a +0 mace (weapon)
Armour
 j - a +0 ring mail (worn)
Jewellery
 c - an amulet of faith (around neck)
 f - a +6 ring of dexterity (left hand)
 l - an amulet of guardian spirit
Wands
 b - a wand of paralysis (11)
Scrolls
 h - a scroll of teleportation
 i - 3 scrolls of identify
 k - a scroll of enchant weapon {unknown}
Potions
 d - 2 potions of curing
 e - 2 potions of flight
 g - a potion of ambrosia {unknown}


   Skills:
 - Level 3.6 Fighting
 + Level 5.7 Maces & Flails
 - Level 2.4 Armour
 - Level 2.1 Dodging


You had 2 spell levels left.
You didn't know any spells.
Your spell library was empty.

Dungeon Overview and Level Annotations

Branches:
Dungeon (2/15)

Altars:


Innate Abilities, Weirdness & Mutations

You have a pair of horns on your head.
You reflexively headbutt those who attack you in melee.


Message History

Trog accepts your kill.
Things that are here:
a +0 dagger; a goblin corpse
i - 3 scrolls of identify (gained 1)
k - a scroll labelled MAPHYD VINIGOUCU
Found a scroll of identify.
l - an amulet of guardian spirit A rat comes into view.
Found a glowing grey potion.
A hobgoblin and 2 gnolls come into view.
The hobgoblin shouts!
The gnoll shouts!
You hear a shout!
A gnoll comes into view. It is wielding a +0 halberd.
You barely miss the rat. You headbutt the rat.
You kill the rat!
Trog accepts your kill.
Found a scroll labelled CIROIVINTE.
The gnoll barely misses you.
You see here a rat corpse.
The gnoll barely misses you. The gnoll attacks as you move away!
The gnoll barely misses you. The gnoll attacks as you move away!
The gnoll hits you with a +3 flail!
You closely miss the gnoll. The gnoll hits you with a +3 flail!
The gnoll attacks as you move away! The gnoll closely misses you.
The gnoll attacks as you move away! The gnoll closely misses you.
You see here a scroll of identify.
A frilled lizard comes into view.
The frilled lizard hisses angrily.
The gnoll attacks as you move away! The gnoll hits you with a +3 flail.
* * * LOW HITPOINT WARNING * * *
Okay, then.
A red film seems to cover your vision as you go berserk!
You feel yourself moving faster!
You feel mighty! The gnoll closely misses you.
You closely miss the frilled lizard. The frilled lizard closely misses you.
The gnoll hits you with a +3 flail.
* * * LOW HITPOINT WARNING * * *
You feel a strong urge to attack something.
You feel your anger nearly subside.
You are no longer berserk.
You are exhausted.
You feel yourself slow down. The gnoll attacks as you move away!
The gnoll hits you with a +3 flail!
You die...

# ## ### #. #.......
#.#.#.##.# ## #..#.##.# #.#
##...##.## #.###..<.@g..#
####.#.#.####..# ..
#......†......g#### ##.##
.#### #..)<†...#.....# #...
......##.....#..#l....#
#..# ............#........#
#g.## ....##.##.........?.#
#...
.##.##.##.##.##.....####.##
#
#..........#######....†.#.#


You could see 2 gnolls.

Vanquished Creatures
  A worm (D:2)
  5 bats
  5 endoplasms
  4 giant cockroaches
  4 goblins
  3 hobgoblins
  4 kobolds
  4 quokkas
  8 ball pythons
  3 frilled lizards
  8 rats
49 creatures vanquished.

Notes
Turn   | Place    | Note
-------+----------+-------------------------------------------
     0 | D:1      | quokkamancerX the Minotaur Berserker began the quest for
                  | the Orb.
     0 | D:1      | Reached XP level 1. HP: 19/19 MP: 0/0
    10 | D:1      | Upgraded the game from 0.29-a0-422-gafbd6decc1 to
                  | 0.29-a0-451-gfbfa42419e
   231 | D:1      | Reached skill level 4 in Maces & Flails
   307 | D:1      | Reached XP level 2. HP: 26/26 MP: 1/1
   341 | D:1      | Found a faded altar of an unknown god.
   682 | D:1      | Reached ** piety under Trog
   918 | D:1      | Reached skill level 5 in Maces & Flails
  1173 | D:1      | Reached XP level 3. HP: 31/31 MP: 2/2
  1810 | D:2      | Slain by a gnoll

Illustrated notes

Levels and vault maps discovered:
D:1:      tarquinn_simple_flora_water_b, layout_loops_corners,
          nicolae_ecumenical_lake_church
D:2:      layout_loops_cross, solitary_fountain, chequers_serial_rivers_room_b,
          minmay_quantized

Skill      XL: |  1  2 |
---------------+-------+-----
Maces & Flails | 4 5 |  5.7
Fighting       | |  3.6
Armour         | |  2.4
Dodging        | |  2.1

Action                   || total
-------------------------++-------
Melee: Mace              ||    84
       Headbutt          ||    13
       Punch             ||     1
Invok: Berserk           ||     3
  Use: Scroll            ||     3
Armor: Animal skin       ||    12
       Ring mail         ||    10
Dodge: Dodged            ||    54

Table legend: (Time is in decaauts)
 A = Elapsed time spent in this place.
 B = Non-inter-level travel time spent in this place.
 C = Inter-level travel time spent in this place.
 D = Time resting spent in this place.
 E = Time spent auto-exploring this place.
 F = Levels seen in this place.
 G = Mean time per level.
                   A        B        C        D        E       F      G
               +--------+--------+--------+--------+--------+-----+--------+
         Total |   1853 |   1797 |     56 |    404 |    619 |   2 |  926.5 |
       Dungeon |   1853 |   1797 |     56 |    404 |    619 |   2 |  926.5 |
               +--------+--------+--------+--------+--------+-----+--------+

Top non-repeatable levels by time:
     D:1: 1476 daAuts
     D:2: 377 daAuts
